 Dungeon Crawl Stone Soup version 0.25.0-11-g1f837a76a1 (webtiles) character file.

Game seed: 12086058592717476172

571 Delamore the Cudgeler (level 7, -3/41 HPs)
             Began as a Gargoyle Fighter on June 24, 2020.
             Killed by divine providence
             ... invoked by an orc priest
              (13 damage)
             ... on level 4 of the Dungeon.
             The game lasted 00:02:27 (3675 turns).

Delamore the Cudgeler (Gargoyle Fighter)            Turns: 3675, Time: 00:02:28

Health: -3/41      AC: 11    Str: 20 (22) XL:     7   Next: 34%
Magic:  7/7        EV:  7    Int:  7 (8)  God:
Gold:   117        SH:  0    Dex:  7 (9)  Spells: 6/6 levels left

rFire    . . .     SeeInvis .   a - +0 flail
rCold    . . .     Gourm    .   c - +0 kite shield
rNeg     + . .     Faith    .   b - +0 scale mail
rPois    ∞         Spirit   .   (no helmet)
rElec    +         Reflect  .   (no cloak)
rCorr    .         Harm     .   (no gloves)
MR       .....                  (no boots)
Stlth    ..........             (no amulet)
HPRegen  0.13/turn              (no ring)
MPRegen  0.10/turn              (no ring)

@: confused, stab, flying, hasted, very quick
A: negative energy resistance 1, electricity resistance, unbreathing,
petrification resistance, rot immunity, AC +4
a: no special abilities


You were on level 4 of the Dungeon.
You were not hungry.

You visited 1 branch of the dungeon, and saw 6 of its levels.

You collected 117 gold pieces.

Inventory:

Hand Weapons
 a - a +0 flail (weapon)
Missiles
 v - 7 atropa-tipped darts (quivered)
Armour
 b - a +0 scale mail (worn)
 c - a +0 kite shield (worn)
Jewellery
 p - an uncursed ring of stealth {unknown}
Scrolls
 e - 2 scrolls of remove curse {unknown}
 g - 3 scrolls of teleportation {unknown}
 j - 4 scrolls of identify {unknown}
 l - a scroll of amnesia {unknown}
 m - a scroll of noise {unknown}
 o - 2 scrolls of magic mapping {unknown}
 q - a scroll of immolation {unknown}
 u - a scroll of enchant weapon {unknown}
Potions
 d - a potion of might
 i - a potion of degeneration
 k - a potion of flight
 n - a potion of magic
Comestibles
 f - 9 rations
 t - 2 chunks of flesh


   Skills:
 - Level 3.2 Fighting
 + Level 7.9 Maces & Flails
 - Level 3.2 Armour
 - Level 3.2 Shields


You had 6 spell levels left.
You didn't know any spells.
Your spell library was empty.

Dungeon Overview and Level Annotations

Branches:
Dungeon (6/15)
 Temple: D:4-7

Altars:


Innate Abilities, Weirdness & Mutations

You are resistant to torment.
Your stone body is resilient. (AC +4)
You are immune to poison.
You resist negative energy. (rN+)
You are resistant to electric shocks. (rElec)
You can survive without breathing.
You are immune to petrification.
You are immune to rotting.


Message History

You bump into the rock wall.
The orc wizard barely misses you.
You bump into the rock wall.
You bump into the rock wall.
The orc wizard hits you but does no damage.
The orc priest invokes the aid of Beogh against you.
Beogh smites you!
The orc wizard points at you and mumbles some strange words.
You resist with some effort.
The orc priest invokes the aid of Beogh against you.
Beogh smites you!
* * * LOW HITPOINT WARNING * * *
Things that are here:
a +0 dagger; a +0 robe Your shield prevents you from hitting the orc wizard.
The orc wizard hits you but does no damage.
You bump into the rock wall.
The orc wizard hits you but does no damage.
The orc priest mumbles some strange prayers to Beogh against you.
Beogh smites you!
You die...

#.........#
+.........+
#.........#
##......>#####
##.....## #o.
##...## #o#
##'## #o# #.#
#o# #.# #@#
##.## #.#
##...#####)#
#..........#
[.......#######
######.## ###


You could see an orc priest, 2 orc wizards and an orc.

Vanquished Creatures
  An ogre (D:4)
  A bullfrog (D:6)
  Blork the orc (D:4)
  2 scorpions (D:4)
  A hound (D:4)
  A bullfrog skeleton (D:4)
  An orc wizard (D:4)
  An iguana (D:4)
  4 gnolls (D:2)
  5 adders
  A worm (D:2)
  2 dart slugs (D:1)
  2 leopard geckos
  6 orcs (D:4)
  A giant cockroach (D:1)
  4 goblins
  4 hobgoblins
  9 jackals
  2 quokkas
  A ball python (D:2)
  6 bats
  5 frilled lizards
  2 kobolds (D:2)
  4 rats
67 creatures vanquished.

Vanquished Creatures (others)
  2 octopodes (D:1)
  A vine stalker (D:1)
  An elf (D:1)
  A troll (D:1)
  A formicid (D:1)
  A spriggan (D:1)
  A vampire (D:1)
  2 humans (D:1)
  2 nagas (D:1)
  A dwarf (D:1)
  A mummy (D:1)
  A kobold (D:1)
  5 tentacles (D:1)
20 creatures vanquished.

Grand Total: 87 creatures vanquished

Notes
Turn   | Place    | Note
-------+----------+-------------------------------------------
     0 | D:1      | Delamore the Gargoyle Fighter began the quest for the Orb.
     0 | D:1      | Reached XP level 1. HP: 14/14 MP: 1/1
     2 | D:1      | Noticed a troll
     2 | D:1      | Noticed a naga
     2 | D:1      | Noticed a vine stalker
     2 | D:1      | Noticed a dwarf
     2 | D:1      | Noticed an elf
     2 | D:1      | Noticed a kraken
     2 | D:1      | Noticed a spriggan
     2 | D:1      | Noticed a human
     2 | D:1      | Noticed an octopode
     2 | D:1      | Noticed a human
     2 | D:1      | Noticed a naga
     2 | D:1      | Noticed a vampire
     2 | D:1      | Noticed a formicid
     2 | D:1      | Noticed an octopode
     3 | D:1      | Killed an elf
     5 | D:1      | Killed a human
     6 | D:1      | Killed a human
     7 | D:1      | Killed an octopode
     7 | D:1      | Killed a dwarf
     9 | D:1      | Killed a vampire
     9 | D:1      | Killed an octopode
    10 | D:1      | Killed a troll
    13 | D:1      | Killed a naga
    13 | D:1      | Killed a vine stalker
    14 | D:1      | Killed a spriggan
    14 | D:1      | Killed a naga
    15 | D:1      | Killed a formicid
   101 | D:1      | Reached XP level 2. HP: 19/19 MP: 2/2
   201 | D:1      | Reached skill level 3 in Maces & Flails
   527 | D:2      | Reached XP level 3. HP: 23/23 MP: 3/3
   973 | D:2      | Reached skill level 4 in Maces & Flails
  1042 | D:2      | Reached XP level 4. HP: 28/28 MP: 4/4
  2016 | D:3      | Reached skill level 5 in Maces & Flails
  2132 | D:3      | You fall into a shaft and drop 3 floors!
  2138 | D:6      | Noticed a bullfrog
  2153 | D:6      | Killed a bullfrog
  2153 | D:6      | Reached XP level 5. HP: 20/32 MP: 5/5
  2288 | D:5      | Entered Level 5 of the Dungeon
  2358 | D:4      | Noticed Blork the orc
  2368 | D:4      | Reached skill level 6 in Maces & Flails
  2368 | D:4      | Reached XP level 6. HP: 36/37 MP: 6/6
  2377 | D:4      | Killed Blork the orc
  3334 | D:4      | Reached skill level 7 in Maces & Flails
  3422 | D:4      | Reached XP level 7. HP: 37/41 MP: 7/7
  3654 | D:4      | HP: 2/41 [something/magic dart (1)]
  3675 | D:4      | Killed from afar by an orc priest

Illustrated notes

Levels and vault maps discovered:
D:1:      nicolae_arrival_kraken_aquarium_b, layout_basic
D:2:      layout_basic
D:3:      layout_basic
D:4:      layout_loops_corners, first_ration, chequers_serial_rivers_micro_c,
          nicolae_qazlal_general_emergency, uniq_blork_the_orc
D:5:      layout_rooms, okawaru_gym_becter, serial_shops,
          nicolae_shop_behind_doors, uniq_edmund
D:6:      minmay_razor_zed, layout_basic, kennysheep_mini_moat,
          minmay_temple_entry_oklob, chequers_serial_rivers_micro_c,
          grunt_tough_drop

Skill      XL: |  1  2  3  4  5  6 |
---------------+-------------------+-----
Maces & Flails | 3 4 5 6 7 |  7.9
Fighting       | |  3.2
Armour         | |  3.2
Shields        | |  3.2

Action                   |  1- 3 |  4- 6 |  7- 9 || total
-------------------------+-------+-------+-------++-------
Melee: Flail             |   120 |   191 |    28 ||   339
  Use: Potion            |       |       |     6 ||     6
  Eat: Chunk             |     1 |     7 |     1 ||     9
Armor: Scale mail        |    73 |   122 |    11 ||   206
Dodge: Dodged            |    39 |    56 |     6 ||   101
Block: Kite shield       |    71 |   112 |     7 ||   190
